 Dungeon Crawl Stone Soup version 0.20.1-1-g8b1a95d (webtiles) character file.

673 Irenicus the Insei (level 7, -1/61 HPs)
             Began as a Deep Dwarf Monk on Oct 27, 2017.
             Slain by an ice beast (9 damage)
             ... on level 5 of the Dungeon.
             The game lasted 00:08:47 (3020 turns).

Irenicus the Insei (Deep Dwarf Monk)                Turns: 3020, Time: 00:08:48

Health: -1/61      AC:  4    Str: 15    XL:     7   Next: 33%
Magic:  7/7        EV: 14    Int: 10    God:
Gold:   325        SH:  0    Dex: 21    Spells: 6/6 levels left

rFire    . . .     SeeInvis .     - Unarmed
rCold    . . .     Gourm    .   (no shield)
rNeg     . . .     Faith    .   r - +0 leather armour
rPois    .         Spirit   .   (no helmet)
rElec    .         Reflect  .   (no cloak)
rCorr    .         Harm     .   (no gloves)
MR       +....                  l - +0 pair of boots
Stlth    +++.......             p - amulet of rage
Regen    0.0/turn               g - +4 ring of dexterity
MPRegen  0.1/turn               o - ring of stealth

@: non-regenerating
A: damage resistance, heal wounds, sense surroundings 1, no regeneration
a: Heal Wounds, Evoke Berserk Rage


You were on level 5 of the Dungeon.
You were not hungry.

You visited 1 branch of the dungeon, and saw 5 of its levels.

You collected 325 gold pieces.

Inventory:

Armour
 l - a +0 pair of boots (worn)
 r - a +0 leather armour (worn)
Jewellery
 g - a +4 ring of dexterity (left hand)
 o - a ring of stealth (right hand)
 p - an amulet of rage (around neck)
Scrolls
 c - 2 scrolls of blinking {unknown}
 d - a scroll of immolation {unknown}
 e - 4 scrolls of teleportation {unknown}
 h - 7 scrolls of identify {unknown}
 j - 2 scrolls of fear {unknown}
 k - 3 scrolls of recharging {unknown}
 m - 3 scrolls of remove curse {unknown}
 t - a scroll of fog {unknown}
 u - 2 scrolls of amnesia {unknown}
Potions
 a - 3 potions of curing
 n - a potion of invisibility
Comestibles
 b - 5 bread rations
 f - 4 fruits
 i - 6 meat rations
 v - a chunk of flesh


   Skills:
 - Level 2.6 Fighting
 - Level 3.2 Dodging
 - Level 2.4 Stealth
 + Level 7.7 Unarmed Combat
 - Level 2.0 Evocations


You had 6 spell levels left.
You didn't know any spells.

Dungeon Overview and Level Annotations

Branches:
Dungeon (5/15)
 Temple: D:4-7

Altars:
Ashenzari
Fedhas
Nemelex Xobeh
Okawaru
Ru

Shops:
D:5 (


Innate Abilities, Weirdness & Mutations

You are resistant to damage.
You can heal yourself by infusing magical energy.
You passively map a small area around you.
You do not regenerate.


Message History

There is an open door here.
There is an open door here.
You open the door.
There is an open door here.
Found a stone staircase leading down.
Found 15 gold pieces.
You open the door.
Found 10 gold pieces.
A wyvern and an ice beast come into view.
There is an open door here.
Okay, then.
(D) Dungeon
Where to? (Enter - D:5, ? - help)
Okay, then.
You see here 10 gold pieces. 4 orcs and an orc priest come into view.
The ice beast hits you.
* * * LOW HITPOINT WARNING * * *
The ice beast freezes you!
You die...

#....>.+.)..........+......
#$.....#####.#..#.###.÷....
#.......####....#.###......
#...................'......
,*
####+#'######.##.###......
#......# #.##.# #...... ,
#......# #....# #......
#......# ###### #......
,+.....@# #...... #....Y.#
* #...... #.............
####... #..≈≈.≈≈...... #...
* * ,#..≈#+#≈..o.oo #... ,
#..≈ ≈...... #... #..≈*
*≈....oo #... #.. ≈......
#... , .. ....... ####


You could see an ice beast.

Vanquished Creatures
  The ghost of Frank the Ducker, an amateur OpFi (D:3)
  A phantom (D:5)
  An ice beast (D:5)
  2 scorpions (D:4)
  A jelly (D:5)
  A bullfrog skeleton (D:4)
  An iguana (D:4)
  7 adders
  An ooze (D:2)
  2 worms (D:2)
  A dart slug (D:5)
  4 orcs (D:3)
  A giant cockroach (D:1)
  4 goblins
  5 hobgoblins
  5 jackals
  2 quokkas
  7 bats
  6 frilled lizards
  7 kobolds
  A leopard gecko skeleton (D:5)
  6 rats
67 creatures vanquished.

Notes
Turn   | Place    | Note
-------+----------+-------------------------------------------
     0 | D:1      | Irenicus the Deep Dwarf Monk began the quest for the Orb.
     0 | D:1      | Reached XP level 1. HP: 20/20 MP: 1/1
   163 | D:1      | Reached skill level 3 in Unarmed Combat
   235 | D:1      | Reached XP level 2. HP: 12/27 MP: 2/2
   747 | D:2      | Found a sacrificial altar of Ru.
   747 | D:2      | Found a blossoming altar of Fedhas.
   838 | D:2      | Reached XP level 3. HP: 33/33 MP: 3/3
   856 | D:2      | Reached skill level 4 in Unarmed Combat
  1131 | D:2      | Reached XP level 4. HP: 23/40 MP: 4/4
  1841 | D:3      | Noticed Frank's ghost (amateur OpFi)
  1870 | D:3      | Killed Frank's ghost
  1870 | D:3      | Reached skill level 6 in Unarmed Combat
  1870 | D:3      | Reached skill level 1 in Evocations
  1870 | D:3      | Reached XP level 5. HP: 46/46 MP: 3/5
  1870 | D:3      | Reached XP level 6. HP: 55/55 MP: 3/6
  1974 | D:4      | Found a shattered altar of Ashenzari.
  2131 | D:4      | Found an iron altar of Okawaru.
  2651 | D:5      | Entered Level 5 of the Dungeon
  2784 | D:5      | Reached skill level 7 in Unarmed Combat
  2802 | D:5      | Found a sparkling altar of Nemelex Xobeh.
  2802 | D:5      | Noticed an ice beast
  2823 | D:5      | Killed an ice beast
  2823 | D:5      | Reached XP level 7. HP: 21/61 MP: 7/7
  2852 | D:5      | Found Luxkiaro's Weapon Shoppe.
  3015 | D:5      | Noticed a wyvern
  3020 | D:5      | Slain by an ice beast

Skill      XL: |  1  2  3  4  5  6 |
---------------+-------------------+-----
Unarmed Combat | 3 4 6 7 |  7.7
Evocations     | 1 2 |  2.0
Fighting       | |  2.6
Dodging        | |  3.2
Stealth        | |  2.4

Action                   |  1- 3 |  4- 6 |  7- 9 || total
-------------------------+-------+-------+-------++-------
Melee: Unarmed           |   127 |   132 |    14 ||   273
       Punch             |     3 |     5 |       ||     8
 Abil: Heal Wounds       |     1 |     2 |       ||     3
       Evoke Berserk Rag |       |     3 |       ||     3
  Use: Potion            |       |     4 |       ||     4
 Stab: Sleeping          |    12 |    10 |     1 ||    23
       Invisible         |       |     4 |       ||     4
  Eat: Chunk             |       |     6 |     1 ||     7
       Fruit             |       |     3 |       ||     3
Armor: Robe              |    10 |     1 |       ||    11
       Leather armour    |       |    20 |     2 ||    22
Dodge: Dodged            |    74 |    69 |     4 ||   147
